 Dungeon Crawl Stone Soup version 0.30-a0-313-gae38170b09 (webtiles) character file.

Game seed: 12005183192467304764

107 Jorund the Digger (level 5, -4/36 HPs)
             Began as a Formicid Earth Elementalist on Oct 26, 2022.
             Slain by Crazy Yiuf
             ... wielding a +3 quarterstaff of chaos
              (16 damage)
             ... on level 2 of the Dungeon.
             The game lasted 00:03:20 (2126 turns).

Jorund the Digger (Formicid Earth Elementalist)     Turns: 2126, Time: 00:03:20

Health: -4/36      AC:  2    Str: 12    XL:     5   Next: 11%
Magic:  9/10       EV: 12    Int: 17    God:
Gold:   60         SH:  0    Dex: 14    Spells: 8/11 levels left

rFire   . . .      SeeInvis +    d - +2 short sword (venom)
rCold   . . .      Faith    .    (no shield)
rNeg    . . .      Spirit   .    a - +0 robe
rPois   .          Reflect  .    (helmet unavailable)
rElec   .          Harm     .    (no cloak)
rCorr   .          Rampage  .    (no gloves)
Will    .....                    (no boots)
Stlth   ++........               (no amulet)
HPRegen 0.26/turn                (no ring)
MPRegen 0.12/turn                (no ring)

@: no status effects
A: permanent stasis, dig shafts and tunnels, antennae 3, four strong arms
a: Dig, Shaft Self


You were on level 2 of the Dungeon.
You visited 1 branch of the dungeon, and saw 2 of its levels.

You collected 60 gold pieces.

Inventory:

Hand Weapons
 d - a +2 short sword of venom (weapon)
Missiles
 e - 26 stones
Armour
 a - a +0 robe (worn)
Potions
 b - 3 potions of magic
 c - a potion of cancellation {unknown}
 f - 2 potions of curing {unknown}
 g - a potion of lignification {unknown}
 i - a potion of ambrosia {unknown}
 j - a potion of mutation {unknown}


   Skills:
 + Level 0.6 Fighting
 - Level 0.1 Short Blades
 - Level 1.7 Dodging
 - Level 2.4 Stealth
 + Level 3.8 Spellcasting
 + Level 1.1 Transmutations
 + Level 5.1 Earth Magic


You had 8 spell levels left.
You knew the following spells:

 Your Spells              Type           Power      Damage    Failure   Level
a - Sandblast             Erth           40%        2d10      1%          1
b - Passwall              Tmut/Erth      10%        N/A       7%          2

Your spell library contained the following spells:

 Spells                   Type           Power      Damage    Failure   Level
 Stone Arrow              Conj/Erth      22%        3d8       17%         3
 Petrify                  Tmut/Erth      13%        N/A       41%         4


Dungeon Overview and Level Annotations

Branches:
Dungeon (2/15)

Altars:

Annotations:
D:2 Crazy Yiuf


Innate Abilities, Weirdness & Mutations

You cannot be hasted, slowed, berserked, paralysed or teleported.
You can dig through walls and to a lower floor.
You have a pair of large antennae on your head. (SInv)
Your four strong arms can wield two-handed weapons with a shield.


Message History

Aiming: Sandblast (safe; 1% risk of failure)
Press: ? - help, Shift-Dir - straight line, f - hobgoblin
Aim: a hobgoblin (asleep, 100% to hit)
The blast of sand hits the hobgoblin!
You kill the hobgoblin!
e - 26 stones (gained 4)
You see here a hobgoblin corpse.
A rat comes into view.
A rat is nearby!
A rat is nearby!
You see here a +0 ring mail.
You hit the rat.
The rat is poisoned.
The rat is heavily wounded.
The rat completely misses you.
You barely miss the rat.
The rat is heavily wounded.
You kill the rat!
No target in view!
You see here a rat corpse.
You see here a +0 dagger.
You see here a +0 dagger.
Could not explore, unopened runed door.
Could not explore, unopened runed door.
Okay, then.
As you read the scroll labelled LUAKYKH FEODD, it crumbles to dust.
You hear a loud clanging noise!
It was a scroll of noise.
You open the door.
Casting: Sandblast (safe; 1% risk of failure)
Confirm with . or Enter, or press ? or * to list all spells.
Aiming: Sandblast (safe; 1% risk of failure)
Press: ? - help, Shift-Dir - straight line, f - Crazy Yiuf
Aim: Crazy Yiuf, wielding a +3 quarterstaff of chaos and wearing a +0 cloak (85% to hit)
The blast of sand hits Crazy Yiuf!
Crazy Yiuf is heavily wounded.
Crazy Yiuf hits you with a +3 quarterstaff of chaos!
Crazy Yiuf burns you!
Crazy Yiuf says, "Crazy?
Crazy!?
PORCUPINE!"
Crazy Yiuf hits you with a +3 quarterstaff of chaos!
You die...

#.# #.#.# ##.#### #.# #.#.# #.#
#.# #.#.# #####.#### ## ### #####
#......... .###### ######.###
......# #####.# ...##.####♣♣ ###
#.....# .#.##.#....♣♣ ♣♣#..)#
#.##### ..........PP♣♣♣♣@g...#
#.# ...##.#......♣..♣#...# #.#
##.##.##)...♣.♣♣♣ ### #.#
##.##.####♣♣♣♣♣ #.# ##.##.# ##.#
......##### ##########..#
##........#####...........#
#########.................#######
### ###########..............


You could see Crazy Yiuf.

Vanquished Creatures
  Natasha (D:2)
  3 adders (D:2)
  2 worms (D:2)
  A dart slug (D:2)
  3 ball pythons
  2 endoplasms
  3 giant cockroaches
  4 goblins
  7 hobgoblins
  8 jackals (D:1)
  A kobold (D:1)
  A quokka (D:2)
  3 bats
  3 frilled lizards
  3 rats (D:2)
45 creatures vanquished.

Notes
Turn   | Place    | Note
-------+----------+-------------------------------------------
     0 | D:1      | Jorund the Formicid Earth Elementalist began the quest for
                  | the Orb.
     0 | D:1      | Reached XP level 1. HP: 13/13 MP: 3/3
     3 | D:1      | Found a faded altar of an unknown god.
   272 | D:1      | Reached XP level 2. HP: 19/19 MP: 3/5
   309 | D:1      | Reached skill level 4 in Earth Magic
   795 | D:1      | Reached XP level 3. HP: 13/24 MP: 7/7
  1083 | D:2      | Learned a level 2 spell: Passwall
  1251 | D:2      | Reached XP level 4. HP: 30/30 MP: 3/8
  1608 | D:2      | Found a runed translucent door.
  1609 | D:2      | Noticed Crazy Yiuf
  1689 | D:2      | Noticed Natasha
  1697 | D:2      | Killed Natasha
  1698 | D:2      | Reached skill level 5 in Earth Magic
  1698 | D:2      | Reached XP level 5. HP: 36/36 MP: 5/10
  2126 | D:2      | Slain by Crazy Yiuf

Illustrated notes

Levels and vault maps discovered:
D:1:      dpeg_arrival_stone_temple_mockup, layout_basic,
          ebering_ecumenical_altar_webs
D:2:      layout_loops_ring, uniq_natasha, uniq_crazy_yiuf_cottage

Skill      XL: |  1  2  3  4 |
---------------+-------------+-----
Earth Magic    | 4 5 |  5.1
Spellcasting   | 3 |  3.8
Fighting       | |  0.6
Short Blades   | |  0.1
Dodging        | |  1.7
Stealth        | |  2.4
Transmutations | |  1.1

Action                   |  1- 3 |  4- 6 || total
-------------------------+-------+-------++-------
Melee: Short sword       |    18 |    11 ||    29
 Cast: Sandblast         |    30 |    22 ||    52
  Use: Scroll            |       |     1 ||     1
 Stab: Sleeping          |     2 |     1 ||     3
Armor: Robe              |    12 |     3 ||    15
Dodge: Dodged            |    25 |    11 ||    36

Table legend: (Time is in decaauts)
 A = Elapsed time spent in this place.
 B = Non-inter-level travel time spent in this place.
 C = Inter-level travel time spent in this place.
 D = Time resting spent in this place.
 E = Time spent auto-exploring this place.
 F = Levels seen in this place.
 G = Mean time per level.
                   A        B        C        D        E       F      G
               +--------+--------+--------+--------+--------+-----+--------+
         Total |   2150 |   2124 |     26 |     51 |   1811 |   2 | 1075.0 |
       Dungeon |   2150 |   2124 |     26 |     51 |   1811 |   2 | 1075.0 |
               +--------+--------+--------+--------+--------+-----+--------+

Top non-repeatable levels by time:
     D:1: 1085 daAuts
     D:2: 1065 daAuts
